Map: Cresta di Lerilak

Players

oddy - Winner!

  • Race: Terran Terran
  • League: Gold

Jhyrachy

  • Race: Zerg Zerg
  • League: Silver

VOD

Have the link to the VOD?

Description

Time

  • Played on: Dec. 11, 2015, 8:55 a.m.
  • Length: 13:17
Show
View Real Time Build Order
Export as new Build Order

oddy Terran - Winner!

Build Orders: 1/1/1, Hellion Banshee 

Get SALT Encoding   

  12  0:00  SCV  
  13  0:13  SCV  
  14  0:18  Supply Depot  
  14  0:25  SCV  
  15  0:29  Refinery  
  15  0:40  SCV  
  16  0:45  Barracks  
  16  0:52  SCV  
  17  1:04  SCV  
  18  1:16  SCV  
  19  1:32  Orbital Command  
  19  1:35  Marine  
  19  1:38  Factory  
  20  1:45  Refinery, Supply Depot  
  20  1:54  Barracks Reactor  
  20  1:58  SCV  
  21  2:13  SCV  
  22  2:21  Starport  
  23  2:30  SCV  
  23  2:39  Hellion x2  
  27  2:44  Supply Depot  
  28  2:54  Barracks Tech Lab  
  28  2:55  SCV  
  28  3:03  Hellion  
  30  3:06  Hellion  
  30  3:07  Supply Depot  
  32  3:18  Banshee  
  32  3:19  Cloaking Field  
  35  3:21  Marine  
  35  3:25  Hellion  
  38  3:29  Hellion  
  40  3:50  Marine  
  40  3:51  SCV  
  42  4:03  SCV  
  42  4:05  Banshee  
  42  4:08  Command Center, Marine  
  35  4:45  Hellion x2  
  40  4:52  Barracks Reactor  
  39  4:53  Medivac  
  39  4:57  SCV  
  42  5:03  Barracks  
  42  5:04  Barracks  
  42  5:13  Widow Mine  
  38  5:14  Widow Mine  
  34  5:29  Marine  
  34  5:30  Marine, Supply Depot  
  32  6:11  Marine x2  
  34  6:26  SCV  
  32  6:37  Marine x2  
  32  6:38  SCV  
  35  6:54  Widow Mine x2  
  37  6:58  Medivac  
  41  7:08  Marine x2  
  41  7:11  Barracks Tech Lab x2  
  43  7:18  Orbital Command  
  39  7:44  Marauder, Marine  
  39  7:45  Marauder, Marine  
  44  7:57  Hellion x2  
  44  7:58  Medivac  
  50  8:06  SCV x2  
  52  8:14  Marine x2  
  52  8:15  Marine x2  
  56  8:30  SCV x2  
  58  8:37  Combat Shields, Stimpack  
  58  8:38  Supply Depot  
  58  8:39  Supply Depot  
  58  8:40  Supply Depot  
  58  8:43  Engineering Bay  
  58  8:49  Marauder x2  
  62  8:59  Marine x2  
  64  9:38  Marauder, Marine x2  
  64  9:39  Marauder  
  64  9:41  Medivac  
  64  9:45  Widow Mine x2  
  72  9:51  Terran Infantry Weapons Level 1  
  74  9:55  Supply Depot  
  74  9:56  Marine x2  
  74  9:58  SCV x2  
  74  9:59  Supply Depot  
  78  10:02  Marauder  
  78  10:03  Marauder  
  78  10:04  Concussive Shells  
  82  10:16  Medivac  
  82  10:17  Marine x2  
  82  10:19  SCV x2  
  85  10:49  Marauder x2, Marine x2  
  85  10:55  Medivac  
  85  10:56  Hellion  
  85  10:57  Hellion  
  91  11:30  Marine  
  91  11:31  Marauder x2, Marine  
  97  11:33  Medivac  
  97  11:35  Widow Mine  
  101  11:46  Supply Depot, SCV  
  102  11:47  Supply Depot x2  
  102  11:48  Supply Depot  
  102  12:07  Widow Mine, Marine x2  
  102  12:08  Marauder, SCV x2  
  110  12:09  Marauder  
  110  12:11  Medivac  
  110  12:12  Widow Mine  
  116  12:20  SCV x2  
  118  12:32  SCV x2  
Show
View Real Time Build Order
Export as new Build Order

Jhyrachy Zerg 

Build Orders: Hatch First 

Get SALT Encoding   

  12  0:02  Drone  
  13  0:08  Drone  
  14  0:16  Overlord  
  14  0:27  Extractor  
  13  0:29  Extractor, Drone x2  
  16  0:57  Hatchery  
  16  1:00  Extractor, Drone  
  15  1:04  Drone  
  15  1:10  Drone  
  17  1:14  Overlord  
  17  1:27  Spawning Pool  
  16  1:36  Drone  
  17  1:43  Drone  
  18  1:51  Drone  
  19  2:08  Drone  
  19  2:10  Overlord  
  19  2:14  Metabolic Boost  
  20  2:16  Queen  
  20  2:22  Queen  
  25  2:37  Drone x3  
  25  2:42  Zergling x6  
  30  2:52  Baneling Nest  
  30  2:55  Drone  
  30  3:07  Drone x2  
  30  3:08  Overlord  
  32  3:32  Zergling x2  
  32  3:33  Zergling x16  
  40  3:42  Baneling  
  40  3:43  Baneling x4  
  40  3:49  Zergling x2  
  40  3:50  Zergling x6  
  40  3:52  Spine Crawler  
  35  4:18  Zergling x6  
  35  4:19  Zergling x8  
  41  4:36  Queen  
  31  5:14  Evolution Chamber  
  31  5:17  Queen  
  31  5:30  Baneling x3  
  26  6:06  Spore Crawler  
  26  6:10  Queen  
  24  6:22  Spore Crawler, Queen  
  25  6:32  Zergling x2  
  26  6:33  Zergling x26  
  26  6:37  Drone  
  40  6:43  Extractor  
  39  6:59  Extractor  
  38  7:02  Extractor  
  38  7:03  Drone x2  
  38  7:04  Drone x4  
  38  7:37  Lair  
  38  7:38  Drone  
  38  7:39  Drone x2  
  38  8:03  Zerg Ground Armor Level 1  
  38  8:14  Pneumatized Carapace  
  38  8:16  Zergling x2  
  38  8:17  Zergling x12  
  45  8:37  Drone x3  
  45  8:40  Hatchery  
  47  8:49  Roach Warren  
  41  9:45  Extractor  
  40  10:01  Nydus Network  
  39  10:21  Overlord x2  
  39  10:23  Roach x7  
  39  10:24  Roach x2  
  39  10:26  Overlord  
  39  10:27  Overlord x2  
  50  10:50  Roach  
  50  10:51  Roach x7  
  66  11:10  Nydus Canal  
  66  11:30  Overseer  
  66  11:44  Drone x3  
  69  12:34  Overseer  
  69  12:36  Roach  
  57  12:37  Roach x13  
  57  12:38  Roach x8  
  89  12:58  Roach x2  
Tags
 
Add a new tag
Caveats
  • Supply blocks, unpowered buildings, or Contaminate may cause inaccurate times.
  • Supply counts are checked every 10 seconds.